Map: Ruins of Seras

Players

SoKar

  • Race: Zerg Zerg
  • League: Bronze

wabbajack - Winner!

  • Race: Zerg Zerg
  • League: Bronze

VOD

Have the link to the VOD?

Description

Time

  • Played on: July 16, 2015, 5:24 p.m.
  • Length: 6:57
Show
View Real Time Build Order
Export as new Build Order

SoKar Zerg 

Build Orders: Hatch First 

Get SALT Encoding   

  12  0:30  Drone  
  12  0:35  Drone  
  14  0:37  Hatchery  
  14  0:41  Drone  
  14  0:59  Spawning Pool  
  13  1:07  Overlord  
  13  1:10  Drone  
  14  1:26  Drone x2  
  14  1:30  Drone  
  17  1:42  Drone  
  18  1:49  Queen x2  
  18  1:53  Drone  
  23  1:57  Drone  
  24  2:05  Overlord  
  24  2:20  Drone x3  
  24  2:22  Drone  
  28  2:25  Drone  
  29  2:38  Drone  
  29  2:41  Drone  
  31  2:50  Extractor  
  30  2:51  Extractor  
  30  2:52  Hatchery, Roach Warren  
  30  2:54  Extractor  
  30  2:55  Drone, Extractor  
  30  2:57  Drone  
  27  3:01  Zergling x2  
  28  3:06  Drone x3  
  28  3:12  Overlord  
  31  3:30  Overlord  
  31  3:31  Drone  
  31  3:32  Drone x3  
  35  3:40  Roach  
  37  3:42  Roach  
  37  3:46  Roach  
  41  3:52  Roach  
  43  3:58  Drone x2  
  43  4:02  Drone x2  
  47  4:12  Roach x2  
  47  4:15  Drone  
  52  4:17  Drone  
  52  4:20  Drone  
  54  4:34  Roach x2  
  54  4:36  Overlord x2  
  58  4:41  Lair  
  54  5:01  Roach  
  54  5:02  Roach x6  
  61  5:15  Roach  
  61  5:16  Roach x2  
  61  5:17  Overlord x2  
  64  5:31  Roach  
  64  5:32  Roach x3  
  62  5:41  Roach x5  
  62  5:42  Roach  
  57  5:50  Roach x3  
  55  6:04  Roach x4  
  55  6:05  Roach  
  55  6:07  Zergling x2  
  55  6:08  Zergling x2  
  55  6:16  Roach x2  
  30  6:34  Roach x3  
Show
View Real Time Build Order
Export as new Build Order

wabbajack Zerg - Winner!

Build Orders: Hatch First 

Get SALT Encoding   

  12  0:01  Drone  
  13  0:13  Overlord  
  13  0:18  Drone  
  14  0:31  Drone  
  14  0:32  Drone  
  16  0:37  Drone  
  17  0:55  Hatchery  
  16  1:00  Drone  
  16  1:01  Drone  
  18  1:04  Extractor  
  18  1:08  Drone  
  18  1:20  Spawning Pool  
  18  1:24  Drone  
  18  1:31  Drone  
  19  1:54  Overlord  
  19  1:56  Drone  
  20  2:07  Queen  
  20  2:08  Queen  
  24  2:13  Metabolic Boost  
  24  2:20  Drone  
  24  2:21  Drone x2  
  28  2:22  Drone  
  28  2:24  Drone  
  29  2:35  Roach Warren  
  29  2:37  Extractor  
  27  2:39  Drone  
  27  2:41  Drone  
  27  2:43  Drone  
  30  2:55  Spine Crawler  
  30  2:57  Overlord  
  29  2:59  Overlord  
  29  3:05  Drone x2  
  31  3:06  Drone  
  32  3:22  Roach x3  
  32  3:23  Roach  
  40  3:37  Roach  
  40  3:38  Roach x3  
  40  3:39  Roach  
  50  3:55  Overlord  
  50  3:57  Roach  
  50  4:01  Overlord  
  52  4:08  Baneling Nest  
  51  4:20  Zergling x8  
  51  4:21  Zergling x10  
  60  4:26  Overlord  
  60  4:28  Zergling x2  
  60  4:29  Zergling x6  
  64  4:35  Zergling x2  
  64  4:36  Zergling x4  
  65  5:10  Zergling x12  
  65  5:11  Zergling x10  
  75  5:25  Hatchery  
  62  5:49  Queen  
  62  5:51  Drone x5  
  62  5:52  Overlord  
  62  5:53  Zergling x2  
  62  5:54  Zergling x12  
  62  5:56  Overlord  
Tags
 
Add a new tag
Caveats
  • Supply blocks, unpowered buildings, or Contaminate may cause inaccurate times.
  • Supply counts are checked every 10 seconds.